 Dungeon Crawl Stone Soup version 0.31.0-12-g77e489cdc1 (webtiles) character file.

Game seed: 12428297572285547701

41 PaiMei the Grave Robber (level 3, -2/25 HPs)
             Began as a Demonspawn Necromancer on Feb 20, 2024.
             Slain by a ribbon worm (7 damage)
             ... on level 2 of the Dungeon.
             The game lasted 00:01:33 (1637 turns).

PaiMei the Grave Robber (Demonspawn Necromancer)    Turns: 1637, Time: 00:01:33

Health: -2/25      AC:  4    Str:  8    XL:     3   Next: 32%
Magic:  5/6        EV: 12    Int: 17    God:
Gold:   74         SH:  0    Dex: 13    Spells: 5/6 levels left

rFire   . . .        c - +0 dagger
rCold   . . .        (no shield)
rNeg    . . .        a - +0 robe
rPois   .            h - +0 helmet
rElec   .            (no cloak)
rCorr   .            (no gloves)
SInv    .            d - +0 pair of boots
Will    .....        (no amulet)
Stlth   ++           (no ring)
HPRegen 0.24/turn    (no ring)
MPRegen 0.10/turn

%: no passive effects
@: no status effects
A: claws 1
a: no special abilities


You were on level 2 of the Dungeon.
You visited 1 branch of the dungeon, and saw 2 of its levels.

You collected 74 gold pieces.

Inventory:

Hand Weapons
 c - a +0 dagger (weapon)
Missiles
 f - 2 poisoned darts
Armour
 a - a +0 robe (worn)
 d - a +0 pair of boots (worn)
 h - a +0 helmet (worn)
Jewellery
 e - an amulet of guardian spirit
Wands
 m - a wand of flame (22)
Scrolls
 g - 2 scrolls of vulnerability {unknown}
 i - a scroll of revelation {unknown}
 j - 2 scrolls of teleportation {unknown}
 l - a scroll of identify {unknown}
 n - a scroll of noise {unknown}
Potions
 b - a potion of magic
 k - a potion of curing {unknown}
 o - a potion of heal wounds {unknown}


   Skills:
 + Level 0.9 Fighting
 + Level 2.2 Dodging
 - Level 2.0 Stealth
 + Level 2.4 Spellcasting
 + Level 4.7 Necromancy


You had 5 spell levels left.
You knew the following spells:

 Your Spells              Type           Power      Damage    Failure   Level
a - Necrotise             Necr           72%        1d7       2%          1

Your spell library contained the following spells:

 Spells                   Type           Power      Damage    Failure   Level
 Vampiric Draining        Necr           18%        2d7       8%          3
 Animate Dead             Necr           18%        N/A       26%         4
 Curse of Agony           Necr           18%        N/A       58%         5


Dungeon Overview and Level Annotations

Branches:
Dungeon (2/15)

Altars:


Innate Abilities, Weirdness & Mutations

You have sharp fingernails.


Message History

You don't know that spell.
You hit the ribbon worm but do no damage.
The ribbon worm bites you.
You hit the ribbon worm.
The ribbon worm is moderately wounded.
The ribbon worm barely misses you.
Casting: Necrotise (safe; 2% risk of failure)
Confirm with . or Enter, or press ? or * to list all spells.
You don't know that spell.
Casting: Necrotise (safe; 2% risk of failure)
Confirm with . or Enter, or press ? or * to list all spells.
You don't know that spell.
You hit the ribbon worm.
The ribbon worm is moderately wounded.
The ribbon worm bites you.
Casting: Necrotise (safe; 2% risk of failure)
Confirm with . or Enter, or press ? or * to list all spells.
You don't know that spell.
You hit the ribbon worm but do no damage.
The ribbon worm is moderately wounded.
The ribbon worm bites you!
Casting: Necrotise (safe; 2% risk of failure)
Confirm with . or Enter, or press ? or * to list all spells.
You don't know that spell.
You hit the ribbon worm.
The ribbon worm is moderately wounded.
Casting: Necrotise (safe; 2% risk of failure)
Confirm with . or Enter, or press ? or * to list all spells.
You don't know that spell.
You hit the ribbon worm.
The ribbon worm is heavily wounded.
The ribbon worm bites you.
* * * LOW HITPOINT WARNING * * *
Casting: Necrotise (safe; 2% risk of failure)
Confirm with . or Enter, or press ? or * to list all spells.
You don't know that spell.
You barely miss the ribbon worm.
The ribbon worm is heavily wounded.
The ribbon worm bites you!
You die...

..# #..###### #.#
#.......# # #.#
##.####.#######.
#.###.####.#
#.........
#..........#
#.########
#####.#########.# #
#.##........# #
#....######.########
#.#@.# ##.##......
#.#w.#####...#.###..
#.$........#...##...
###..#####...####..#
#..# ##.....#..#
#..# ##..#....# #..#
..###..<. #...
...#....# ###
#.#...#..#


You could see a ribbon worm.

Vanquished Creatures
  2 dart slugs (D:1)
  3 bats
  4 endoplasms
  A giant cockroach (D:1)
  4 goblins
  4 hobgoblins (D:1)
  4 quokkas
  A frilled lizard (D:2)
  3 kobolds
  5 rats (D:1)
31 creatures vanquished.

Vanquished Creatures (collateral kills)
  A quokka (D:1)
1 creature vanquished.

Grand Total: 32 creatures vanquished

Notes
Turn   | Place    | Note
-------+----------+-------------------------------------------
     0 | D:1      | PaiMei the Demonspawn Necromancer began the quest for the
                  | Orb.
     0 | D:1      | Reached XP level 1. HP: 13/13 MP: 3/3
   266 | D:1      | Gained mutation: You have sharp fingernails. [demonic
                  | ancestry]
   266 | D:1      | Reached XP level 2. HP: 19/19 MP: 3/5
   839 | D:1      | Reached XP level 3. HP: 25/25 MP: 1/6
  1637 | D:2      | Slain by a ribbon worm

Illustrated notes

Levels and vault maps discovered:
D:1:      elethiomel_arrival_shortcut, layout_basic
D:2:      layout_loops_ring

Skill      XL: |  1 |
---------------+----+-----
Stealth        | 2 |  2.0
Dodging        | 2 |  2.2
Fighting       | |  0.9
Spellcasting   | |  2.4
Necromancy     | |  4.7

Action                     || total
---------------------------++-------
  Melee: Unarmed           ||    10
         Dagger            ||    29
   Cast: Necrotise         ||    55
 Armour: Robe              ||    29
  Dodge: Dodged            ||    29
